 Dungeon Crawl Stone Soup version 0.17.0-28-g6e173f8 (console) character file.

1092 Kloppie the Chopper (level 8, -2/71 HPs)
             Began as a Centaur Fighter on Nov 25, 2015.
             Was an Initiate of Elyvilon.
             Slain by an orc warrior
             ... wielding a +0 halberd
              (12 damage)
             ... on level 6 of the Dungeon.
             The game lasted 00:09:21 (5870 turns).

Kloppie the Chopper (Centaur Fighter)               Turns: 5870, Time: 00:09:21

Health: -2/71      AC: 12    Str: 19    XL:     8   Next: 9%
Magic:  17/17      EV:  6    Int:  7    God:    Elyvilon [......]
Gold:   224        SH:  8    Dex: 11    Spells: 0 memorised, 7 levels left

rFire  . . .     SeeInvis .     a - +1 war axe
rCold  + + .     Clarity  .     o - +4 ring mail "Reiqazxe" {rElec MP+9}
rNeg   . . .     SustAt   .     c - +0 shield
rPois  .         Gourm    .     (no helmet)
rElec  +         Spirit   .     (no cloak)
rCorr  .         Warding  .     l - +1 pair of gloves
rMut   .         Stasis   .     (no barding)
MR     .....                    (no amulet)
Stlth  ..........               v - ring of protection from cold
                                y - ring of protection from cold

@: very quick, not resistant to hostile enchantments, extremely unstealthy
A: hooves 3, deformed body, speed 2, tough skin 3
a: Renounce Religion


You were on level 6 of the Dungeon.
You worshipped Elyvilon.
Elyvilon was noncommittal.
You were not hungry.

You visited 2 branches of the dungeon, and saw 7 of its levels.

You collected 224 gold pieces.

Inventory:

Hand Weapons
 a - a +1 war axe (weapon)
Armour
 c - a +0 shield (worn)
 l - a +1 pair of gloves (worn)
 o - the +4 ring mail "Reiqazxe" (worn) {rElec MP+9}
   (You found it on level 5 of the Dungeon)

   It insulates you from electricity.
   It affects your magic capacity (+9).
 p - a +0 large shield
 u - a +2 chain mail of fire resistance
Jewellery
 n - a +4 ring of intelligence
 v - a ring of protection from cold (right hand)
 y - a ring of protection from cold (left hand)
Scrolls
 g - 2 scrolls of enchant armour
 h - a scroll of immolation
 i - a scroll of identify
 m - 5 scrolls of teleportation
 s - a scroll of remove curse
Potions
 d - a potion of heal wounds
 q - a potion of cure mutation
 t - 2 potions of agility
 w - a potion of invisibility
 x - a potion of curing {unknown}
 z - 2 potions of might
 A - 2 potions of flight {unknown}
Comestibles
 e - 2 bread rations
 f - 4 meat rations
 k - 5 fruits


   Skills:
 + Level 6.7 Fighting
 - Level 7.0 Axes
 - Level 2.1 Armour
 - Level 2.1 Shields


You had 7 spell levels left.
You didn't know any spells.

Dungeon Overview and Level Annotations

Branches:
Dungeon (6/15)             Temple (1/1) D:6

Altars:
Cheibriados
Elyvilon
Gozag
Kikubaaqudgha
Qazlal
Xom
Yredelemnul

Shops:
D:6 (=

Annotations:
D:6 zigs's ghost, novice SpIE


Innate Abilities, Weirdness & Mutations

You have hooves in place of feet.
Armour fits poorly on your strangely shaped body.
You cover ground very quickly.
You have extremely tough skin (AC +3).


Message History

You block the orc warrior's attack.
Things that are here:
a dagger; a robe You hit the orc warrior.
You kick the orc warrior, but do no damage.
The orc warrior is lightly wounded.
The orc warrior hits you with a halberd!
* * * LOW HITPOINT WARNING * * *
You are too injured to fight recklessly!
You are too injured to fight recklessly!
You hit the orc warrior.
The orc warrior is moderately wounded.
The orc warrior hits you with a halberd!!
* * * LOW HITPOINT WARNING * * *
You hear a shout!
You hit the orc warrior but do no damage.
Your kick misses the orc warrior.
The orc warrior is moderately wounded.
The orc warrior hits you with a halberd!
You die...

###
#..
#.#
#o#
#@#
#.#
#.# #
#.#
.#
#.#
.#
#.#
.. .
#∩#
#.##.
#.#
....
#.#


You could see an orc warrior.

Vanquished Creatures
  Menkaure (D:4)
  A phantom (D:6)
  An ogre (D:6)
  The ghost of zigs the Sneak, an amateur SpIE (D:4)
  2 giant frogs (D:6)
  A scorpion (D:5)
  3 wights (D:6)
  A crimson imp (D:5)
  A jelly (D:5)
  2 giant frog skeletons (D:5)
  An orc priest (D:3)
  An iguana (D:4)
  An orc wizard (D:6)
  Natasha (thrice) (D:3)
  3 worker ants
  4 adders
  A gnoll (D:1)
  2 oozes
  3 worms
  A giant gecko (D:3)
  11 orcs
  A bat (D:2)
  3 goblins
  9 hobgoblins
  A jackal (D:5)
  8 kobolds
  A quokka (D:2)
  3 ball pythons
  8 giant cockroaches
  3 giant newts
  A jackal zombie (D:6)
  A quokka skeleton (D:6)
  A quokka zombie (D:6)
  7 rats
92 creatures vanquished.

Notes
Turn   | Place    | Note
--------------------------------------------------------------
     0 | D:1      | Kloppie the Centaur Fighter began the quest for the Orb.
     0 | D:1      | Reached XP level 1. HP: 19/19 MP: 1/1
   374 | D:1      | Reached XP level 2. HP: 26/26 MP: 2/2
   671 | D:1      | You fall through a shaft!
   688 | D:2      | Reached XP level 3. HP: 31/31 MP: 3/3
  1274 | D:3      | Found a faded altar to an unknown god.
  1327 | D:3      | Noticed Natasha
  1340 | D:3      | Reached XP level 4. HP: 30/38 MP: 4/4
  1344 | D:3      | Killed Natasha
  1344 | D:3      | Reached skill level 4 in Axes
  1638 | D:3      | Reached XP level 5. HP: 24/45 MP: 5/5
  2003 | D:4      | Noticed zigs's ghost (amateur SpIE)
  2163 | D:3      | Noticed Natasha
  2174 | D:3      | Killed Natasha
  2289 | D:3      | Noticed Natasha
  2293 | D:3      | Killed Natasha
  2459 | D:4      | Killed zigs's ghost
  2459 | D:4      | Reached skill level 5 in Axes
  2653 | D:4      | Noticed Menkaure
  2668 | D:4      | Killed Menkaure
  2668 | D:4      | Reached skill level 6 in Axes
  2668 | D:4      | Reached XP level 6. HP: 11/51 MP: 6/6
  3414 | D:5      | Entered Level 5 of the Dungeon
  3625 | D:5      | Found a shimmering altar of Xom.
  3651 | D:5      | Got a scorched ring mail
  3697 | D:5      | Reached skill level 7 in Axes
  3697 | D:5      | Reached XP level 7. HP: 32/57 MP: 7/7
  4727 | D:6      | Found Ickywkun's Weapon Boutique.
  5001 | D:6      | Found a staircase to the Ecumenical Temple.
  5012 | Temple   | Entered the Ecumenical Temple
  5025 | Temple   | Became a worshipper of Elyvilon the Healer
  5118 | D:6      | Noticed zigs's ghost (novice SpIE)
  5492 | D:6      | Reached skill level 5 in Fighting
  5668 | D:6      | Identified the +4 ring mail "Reiqazxe" {rElec MP+9} (You found it on level 5 of the Dungeon)
  5836 | D:6      | Reached XP level 8. HP: 43/71 MP: 8/8
  5851 | D:6      | Found Kofu Hai's Jewellery Shoppe.
  5870 | D:6      | Slain by an orc warrior

Action                   |  1- 3 |  4- 6 |  7- 9 || total
-------------------------+-------+-------+-------++-------
Melee: War axe           |   123 |   118 |   160 ||   401
  Use: Potion            |       |     1 |       ||     1
       Scroll            |       |    10 |     1 ||    11
  Eat: Chunk             |     1 |     4 |     4 ||     9
       Pizza             |       |     1 |     1 ||     2
       Beef jerky        |       |       |     1 ||     1
